 Dungeon Crawl Stone Soup version 0.30-a0-377-g5cb311bc9f (webtiles) character file.

Game seed: 13357947659487858909

103 pascalblue the Chiller (level 4, -2/24 HPs)
             Began as a Deep Elf Ice Elementalist on Nov 30, 2022.
             Slain by a gnoll
             ... wielding a +0 flail
              (7 damage)
             ... on level 3 of the Dungeon.
             The game lasted 00:07:01 (1737 turns).

pascalblue the Chiller (Deep Elf Ice Elementalist)  Turns: 1737, Time: 00:07:01

Health: -2/24      AC:  5    Str:  5    XL:     4   Next: 51%
Magic:  11/13      EV: 12    Int: 22    God:
Gold:   107        SH:  0    Dex: 15    Spells: 6/13 levels left

rFire   . . .      SeeInvis .    (no weapon)
rCold   . . .      Faith    .    (no shield)
rNeg    . . .      Spirit   .    a - +0 robe
rPois   .          Reflect  .    d - +2 helmet
rElec   .          Harm     .    (no cloak)
rCorr   .          Rampage  .    (no gloves)
Will    .....                    (no boots)
Stlth   ++........               (no amulet)
HPRegen 0.24/turn                (no ring)
MPRegen 0.13/turn                (no ring)

@: very slightly contaminated
A: no striking features
a: no special abilities


You were on level 3 of the Dungeon.
You visited 1 branch of the dungeon, and saw 3 of its levels.

You collected 107 gold pieces.

Inventory:

Armour
 a - a +0 robe (worn)
 d - a +2 helmet (worn)
Jewellery
 i - a ring of protection from cold
Scrolls
 f - a scroll of noise {unknown}
 h - 2 scrolls of torment {unknown}
Potions
 b - 2 potions of magic
 c - 4 potions of curing
 e - a potion of resistance {unknown}
 g - 2 potions of might {unknown}


   Skills:
 - Level 2.4 Dodging
 - Level 2.4 Stealth
 + Level 0.1 Unarmed Combat
 * Level 5.2 Spellcasting
 + Level 5.4 Ice Magic


You had 6 spell levels left.
You knew the following spells:

 Your Spells              Type           Power      Damage    Failure   Level
a - Freeze                Ice            100%       1d10      1%          1
b - Frozen Ramparts       Ice            58%        1d9       3%          3
c - Swiftness             Air            5%         N/A       30%         3

Your spell library contained the following spells:

 Spells                   Type           Power      Damage    Failure   Level
 Ozocubu's Armour         Ice            29%        N/A       3%          3
 Ensorcelled Hibernation  Hex/Ice        34%        N/A       4%          2
 Passwall                 Tmut/Erth      4%         N/A       16%         2
 Ice Form                 Ice/Tmut       17%        N/A       32%         4
 Summon Ice Beast         Ice/Summ       17%        N/A       32%         4


Dungeon Overview and Level Annotations

Branches:
Dungeon (3/15)

Altars:
Ru

Shops:
D:2 [*


Message History

Aiming: Freeze (safe; 1% risk of failure)
Press: ? - help, Shift-Dir - straight line, f - quokka
Aim: a quokka You freeze the quokka!
You kill the quokka!
A gnoll comes into view. It is wielding a +0 flail.
A gnoll comes into view. It is wielding a +0 flail.
The ball python hisses angrily.
The gnoll shouts!
The bat hits you.
You hear a shout!
Found a scroll of identify.
The bat closely misses you.
A gnoll comes into view. It is wielding a +2 spear of venom.
The bat barely misses you.
Casting: Freeze (safe; 1% risk of failure)
Confirm with . or Enter, or press ? or * to list all spells.
Aiming: Freeze (safe; 1% risk of failure)
Press: ? - help, Shift-Dir - straight line, f - bat
Aim: a bat You miscast Freeze.
You are very lightly contaminated with residual magic.
Nothing appears to happen.
The bat hits you but does no damage. The gnoll hits you with a +0 whip.
Casting: Freeze (safe; 1% risk of failure)
Confirm with . or Enter, or press ? or * to list all spells.
Aiming: Freeze (safe; 1% risk of failure)
Press: ? - help, Shift-Dir - straight line, f/p - bat
Aim: a bat You freeze the bat.
You kill the bat!
The ball python bites you. The ball python grabs you.
The ball python constricts you. The gnoll hits you with a +0 whip.
You escape the ball python's grasp.
The gnoll hits you but does no damage.
The ball python attacks as you move away!
The ball python barely misses you. x2; The ball python grabs you.
The ball python constricts you. The gnoll hits you with a +0 whip.
* * * LOW HITPOINT WARNING * * *
You escape the ball python's grasp.
The gnoll attacks as you move away! The gnoll misses you.
The gnoll attacks as you move away! The gnoll hits you with a +0 flail!
You die...

..#
#..#...............
..#
#.)##..............
..#
#..)............!..
...#
##.##..............
......
...##..............
.....#
######.....[........
.....#
#.......†..........
.....#
#.......g..........
.....#
#......@gS........
...#..
#####......†....?.
(.. #.............
##............
##...........
##....gg....
##.........
##......^.


You could see 4 gnolls and a ball python.

Vanquished Creatures
  An orc priest (D:3)
  Robin (D:3)
  An adder (D:2)
  2 dart slugs
  4 orcs (D:3)
  2 endoplasms
  A giant cockroach (D:2)
  9 goblins
  8 hobgoblins
  3 quokkas
  2 ball pythons
  3 bats
  2 frilled lizards
  A kobold (D:2)
  3 rats (D:1)
43 creatures vanquished.

Notes
Turn   | Place    | Note
-------+----------+-------------------------------------------
     0 | D:1      | pascalblue the Deep Elf Ice Elementalist began the quest
                  | for the Orb.
     0 | D:1      | Reached XP level 1. HP: 10/10 MP: 6/6
    30 | D:1      | You fall into a shaft and drop 1 floor!
   179 | D:1      | Reached XP level 2. HP: 15/15 MP: 6/8
   725 | D:2      | Reached skill level 5 in Ice Magic
   778 | D:2      | Reached XP level 3. HP: 19/19 MP: 8/10
   782 | D:2      | Learned a level 3 spell: Frozen Ramparts
   786 | D:2      | Learned a level 3 spell: Swiftness
   834 | D:2      | Found Doegunt's Armour Shoppe.
   929 | D:2      | Found Vyri's General Store.
  1175 | D:3      | Noticed Robin
  1286 | D:3      | Found a sacrificial altar of Ru.
  1463 | D:3      | Killed Robin
  1597 | D:3      | Reached XP level 4. HP: 22/24 MP: 7/12
  1668 | D:3      | Reached skill level 5 in Spellcasting
  1737 | D:3      | Slain by a gnoll

Illustrated notes

Levels and vault maps discovered:
D:1:      eino_arrival_water_star, layout_basic, kennysheep_doodads,
          dk_noncrumbling_3
D:2:      layout_rooms, serial_shops, nicolae_shop_crystal,
          nicolae_shop_temple_entry_statues_fountains
D:3:      layout_basic, mainiacjoe_overflow_brackets, uniq_robin

Skill      XL: |  1  2  3  4 |
---------------+-------------+-----
Ice Magic      | 5 |  5.4
Spellcasting   | 4 5 |  5.2
Dodging        | |  2.4
Stealth        | |  2.4
Unarmed Combat | |  0.1

Action                   |  1- 3 |  4- 6 || total
-------------------------+-------+-------++-------
Melee: Unarmed           |     6 |       ||     6
 Cast: Freeze            |    49 |     5 ||    54
       Frozen Ramparts   |     2 |     1 ||     3
  Use: Scroll            |     4 |       ||     4
Armor: Robe              |    12 |     3 ||    15
Dodge: Dodged            |    32 |     8 ||    40

Table legend: (Time is in decaauts)
 A = Elapsed time spent in this place.
 B = Non-inter-level travel time spent in this place.
 C = Inter-level travel time spent in this place.
 D = Time resting spent in this place.
 E = Time spent auto-exploring this place.
 F = Levels seen in this place.
 G = Mean time per level.
                   A        B        C        D        E       F      G
               +--------+--------+--------+--------+--------+-----+--------+
         Total |   1736 |   1705 |     31 |    177 |    984 |   3 |  578.7 |
       Dungeon |   1736 |   1705 |     31 |    177 |    984 |   3 |  578.7 |
               +--------+--------+--------+--------+--------+-----+--------+

Top non-repeatable levels by time:
     D:1: 650 daAuts
     D:3: 592 daAuts
     D:2: 493 daAuts
